 Dungeon Crawl Stone Soup version 0.29.1-2-gbd0b4ee654 (webtiles) character file.

Game seed: 7524996005614309376

330 Avanven the Shooter (level 6, -4/44 HPs)
             Began as a Formicid Hunter on Nov 5, 2022.
             Killed by an exploding goblin (41 damage)
             ... ignited by their inner flame
             ... on level 3 of the Dungeon.
             The game lasted 00:04:36 (2808 turns).

Avanven the Shooter (Formicid Hunter)               Turns: 2808, Time: 00:04:37

Health: -4/44      AC:  9    Str: 15    XL:     6   Next: 81%
Magic:  6/6        EV: 12    Int:  9    God:
Gold:   128        SH:  0    Dex: 19    Spells: 5/5 levels left

rFire   . . .      SeeInvis +   p - +0 arbalest (freeze)
rCold   . . .      Faith    .   (no shield)
rNeg    . . .      Spirit   .   c - +1 leather armour
rPois   .          Reflect  .   (helmet unavailable)
rElec   .          Harm     .   k - +2 cloak
rCorr   .          Rampage  .   (no gloves)
Will    .....                   (no boots)
Stlth   ++........              (no amulet)
HPRegen 0.14/turn               (no ring)
MPRegen 0.10/turn               (no ring)

@: no status effects
A: permanent stasis, dig shafts and tunnels, antennae 3, four strong arms,
iridescent scales 1, no potion heal 1
a: Dig, Shaft Self


You were on level 3 of the Dungeon.
You visited 1 branch of the dungeon, and saw 4 of its levels.

You collected 128 gold pieces.

Inventory:

Hand Weapons
 p - a +0 arbalest of freezing (weapon)
Armour
 c - a +1 leather armour (worn)
 k - a +2 cloak (worn)
Jewellery
 o - a ring of willpower
Potions
 f - 2 potions of curing
 l - a potion of heal wounds {unknown}
 m - a potion of berserk rage {unknown}


   Skills:
 - Level 2.1 Fighting
 * Level 7.6 Ranged Weapons
 - Level 1.7 Dodging
 - Level 1.2 Stealth


You had 5 spell levels left.
You didn't know any spells.
Your spell library contained the following spells:

 Spells                   Type           Power      Damage    Failure   Level
 Sting                    Tmut/Pois      0%         1d3       45%         1
 Ensorcelled Hibernation  Hex/Ice        0%         N/A       58%         2
 Poisonous Vapours        Pois/Air       0%         N/A       58%         2
 Scorch                   Fire           0%         2d5       58%         2
 Ozocubu's Armour         Ice            0%         N/A       83%         3
 Spider Form              Tmut/Pois      0%         N/A       83%         3
 Anguish                  Hex/Necr       0%         N/A       99%         4
 Flame Wave               Conj/Fire      0%         2d4       99%         4
 Olgreb's Toxic Radiance  Pois           0%         N/A       99%         4
 Metabolic Englaciation   Hex/Ice        0%         N/A       100%        5
 Simulacrum               Ice/Necr       0%         N/A       100%        6
 Summon Cactus Giant      Summ           0%         N/A       100%        6


Dungeon Overview and Level Annotations

Branches:
Dungeon (4/15)
 Temple: D:4-7

Altars:
Sif Muna

Annotations:
D:4 Robin


Innate Abilities, Weirdness & Mutations

You cannot be hasted, slowed, berserked, paralysed or teleported.
You can dig through walls and to a lower floor.
You have a pair of large antennae on your head. (SInv)
Your four strong arms can wield two-handed weapons with a shield.
You are partially covered in iridescent scales. (AC +2)
Potions are less effective at restoring your health.


Message History

Really read the scroll of immolation?
As you read the scroll of immolation, it crumbles to dust.
The creatures around you are filled with an inner flame!
You shoot a bolt. The bolt hits the goblin!!
The bolt freezes the goblin.
The goblin explodes!
The fiery explosion engulfs the orc!
The fiery explosion engulfs the goblin!!!
The goblin explodes!
The orc explodes!
You hear a shout! x2; You hear an angry hiss.
Unknown command.
You shoot a bolt. The bolt barely misses the goblin.
An iguana comes into view.
You shoot a bolt. The bolt barely misses the goblin.
The bolt closely misses the iguana.
The iguana hisses angrily.
You hear a shout!
You shoot a bolt. The bolt barely misses the goblin.
The goblin shouts!
A kobold comes into view. It is wielding a +0 club.
The goblin misses you.
Robin roars a battlecry!
The goblins go into a battle-frenzy!
You hear a shout! x2
The hobgoblin attacks as you move away! The hobgoblin barely misses you.
The goblin attacks as you move away! The goblin hits you with a +0 dagger.
The hobgoblin attacks as you move away! The hobgoblin hits you.
There is a stone staircase leading up here.
You can't go down here!
The goblin hits you but does no damage.
You climb upwards.
There is a stone staircase leading down here.
The goblin closely misses you. The goblin attacks as you move away!
The goblin barely misses you. The goblin attacks as you move away!
The goblin barely misses you.
You shoot a bolt. The bolt hits the goblin.
The bolt freezes the goblin.
The goblin explodes!
The fiery explosion engulfs the hobgoblin!!
You kill the hobgoblin!
The fiery explosion engulfs you!!!
Ouch! That really hurt!
You die...

##################
............[.>..#
##############.#§#
#.#§# ##.#@# #
##..#.# # ###..##.#
# #.......# #
######.#.###### #
#.............#
#####.......#####.#
............# #.#
###......#..# #.#


There were no monsters in sight!

Vanquished Creatures
  Sigmund (D:2)
  5 gnolls
  3 adders
  3 dart slugs
  4 orcs
  4 ball pythons
  10 endoplasms
  3 giant cockroaches
  16 goblins
  5 hobgoblins
  2 jackals (D:2)
  3 kobolds
  4 quokkas
  7 bats
  6 frilled lizards
  8 rats
84 creatures vanquished.

Notes
Turn   | Place    | Note
-------+----------+-------------------------------------------
     0 | D:1      | Avanven the Formicid Hunter began the quest for the Orb.
     0 | D:1      | Reached XP level 1. HP: 16/16 MP: 1/1
   500 | D:1      | Reached XP level 2. HP: 18/22 MP: 2/2
   723 | D:1      | Reached XP level 3. HP: 27/27 MP: 3/3
   739 | D:1      | Reached skill level 5 in Ranged Weapons
   956 | D:1      | Found a faded altar of an unknown god.
  1198 | D:1      | Reached XP level 4. HP: 33/33 MP: 4/4
  1550 | D:2      | Noticed Sigmund
  1557 | D:2      | Killed Sigmund
  1558 | D:2      | Reached skill level 7 in Ranged Weapons
  1558 | D:2      | Reached XP level 5. HP: 38/38 MP: 5/5
  1558 | D:2      | Reached XP level 6. HP: 44/44 MP: 6/6
  1896 | D:3      | Found a shimmering blue altar of Sif Muna.
  2333 | D:3      | Gained mutation: Potions are less effective at restoring
                  | your health. [potion of mutation]
  2333 | D:3      | Gained mutation: You are partially covered in iridescent
                  | scales. (AC +2) [potion of mutation]
  2610 | D:3      | Identified the +4 short sword of Muvay {pain, Drain rElec
                  | rF- Stlth+}
  2731 | D:4      | Noticed Robin
  2732 | D:4      | Noticed an ogre
  2808 | D:3      | Killed by an exploding goblin... ignited by their inner
                  | flame

Illustrated notes

Levels and vault maps discovered:
D:1:      evilmike_arrival_home_sweet_home, layout_basic,
          ebering_ecumenical_altar_abandoned
D:2:      layout_basic, minmay_indecisive_spiral, uniq_sigmund
D:3:      layout_basic, mainiacjoe_overflow_small_starburst
D:4:      layout_cave_pools, temple_green, gup_sewer_entry_bowl, uniq_robin

Skill      XL: |  1  2  3  4 |
---------------+-------------+-----
Ranged Weapons | 5 7 |  7.6
Fighting       | |  2.1
Dodging        | |  1.7
Stealth        | |  1.2

Action                   |  1- 3 |  4- 6 || total
-------------------------+-------+-------++-------
 Fire: Shortbow          |    76 |   106 ||   182
       Arbalest          |       |    21 ||    21
 Abil: Dig               |     4 |       ||     4
  Use: Scroll            |       |     8 ||     8
       Potion            |       |     1 ||     1
Armor: Leather armour    |     9 |    17 ||    26
Dodge: Dodged            |    20 |    55 ||    75
